 Dungeon Crawl Stone Soup version 0.24-a0-243-g8f5f5cd (webtiles) character file.

Game seed: 7961176378425678653

16 Pratfall the Shield-Bearer (level 2, 0/24 HPs)
             Began as a Formicid Fighter on Apr 9, 2019.
             Succumbed to a kobold's poison
             ... on level 1 of the Dungeon.
             The game lasted 00:01:16 (503 turns).

Pratfall the Shield-Bearer (Formicid Fighter)        Turns: 503, Time: 00:01:18

Health: 0/24       AC:  6    Str: 25    XL:     2   Next: 75%
Magic:  2/2        EV:  8    Int:  7    God:
Gold:   38         SH: 10    Dex: 10    Spells: 1/1 levels left

rFire    + . .     SeeInvis +   a - +0 long sword
rCold    + . .     Gourm    .   c - +0 shield
rNeg     . . .     Faith    .   b - +0 scale mail
rPois    +         Spirit   .   (helmet unavailable)
rElec    +         Reflect  .   (no cloak)
rCorr    +         Harm     .   (no gloves)
MR       .....                  (no boots)
Stlth    ..........             (no amulet)
HPRegen  0.08/turn              (no ring)
MPRegen  0.08/turn              (no ring)

@: mighty, lethally poisoned (0 -> -14), resistant
A: permanent stasis, dig shafts and tunnels, four strong arms, antennae 3
a: Dig, Shaft Self


You were on level 1 of the Dungeon.
You were not hungry.

You visited 1 branch of the dungeon, and saw 1 of its levels.

You collected 38 gold pieces.

Inventory:

Hand Weapons
 a - a +0 long sword (weapon)
Armour
 b - a +0 scale mail (worn)
 c - a +0 shield (worn)
Scrolls
 g - a scroll of identify {unknown}
 h - a scroll of remove curse {unknown}
Potions
 e - a potion of resistance
Comestibles
 f - a ration


   Skills:
 + Level 3.5 Fighting
 + Level 2.1 Long Blades
 - Level 3.6 Armour
 - Level 4.0 Shields


You had one spell level left.
You didn't know any spells.
Your spell library was empty.

Dungeon Overview and Level Annotations

Branches:
Dungeon (1/15)

Altars:


Innate Abilities, Weirdness & Mutations

You cannot be hasted, slowed, berserked, paralysed or teleported.
You can dig through walls and to a lower floor.
Your four strong arms can wield two-handed weapons with a shield.
You have a pair of large antennae on your head. (SInv)


Message History

You are too injured to fight recklessly!
You closely miss the goblin.
You feel sick. You block the goblin's attack.
The goblin hits you with a +0 club.
* * * LOW HITPOINT WARNING * * *
You barely miss the goblin.
* * * LOW HITPOINT WARNING * * *
You feel sick. You block the goblin's attack.
* * * LOW HITPOINT WARNING * * *
You feel sick.
It was a potion of resistance.
You feel protected.
* * * LOW HITPOINT WARNING * * *
You feel sick. You block the goblin's attack.
You feel very mighty all of a sudden.
* * * LOW HITPOINT WARNING * * *
You feel sick. The goblin hits you with a +0 club.
* * * LOW HITPOINT WARNING * * *
You slash the goblin!
You kill the goblin!
You die...

########.....#.....#..
########..............
......................
########........#..#.. ##
#.#...#..#..... #..
#####.#......)..##. +...
+.....#...#.....##.
.#....#####..............
......r)@..........##.##.
.#....#######.##..###.##.
#.## #.##..###.##.
###............
#.......#.#..#.
#.#.......#..#.
#.#.#.#..##..#.
#.#.#.#..##..##
#.#.#.#...#..#


You could see a rat.

Vanquished Creatures
  A dart slug (D:1)
  A leopard gecko (D:1)
  7 goblins (D:1)
  A frilled lizard (D:1)
  A kobold (D:1)
  A rat (D:1)
12 creatures vanquished.

Vanquished Creatures (others)
  4 toadstools (D:1)
4 creatures vanquished.

Grand Total: 16 creatures vanquished

Notes
Turn   | Place    | Note
-------+----------+-------------------------------------------
     0 | D:1      | Pratfall the Formicid Fighter began the quest for the Orb.
     0 | D:1      | Reached XP level 1. HP: 18/18 MP: 1/1
    75 | D:1      | Reached XP level 2. HP: 21/24 MP: 2/2
   434 | D:1      | Reached skill level 4 in Shields
   502 | D:1      | HP: 1/24 [goblin/+0 club (1)]
   503 | D:1      | Succumbed to a kobold's poison

Levels and vault maps discovered:
D:1:      ldierk_walled_garden_2, layout_basic

Skill      XL: |  1  2 |
---------------+-------+-----
Shields        | 4 |  4.0
Fighting       | |  3.5
Long Blades    | |  2.1
Armour         | |  3.6

Action                   || total
-------------------------++-------
Melee: Long sword        ||    72
  Use: Potion            ||     2
Armor: Scale mail        ||    26
Dodge: Dodged            ||    23
Block: Shield            ||    32
       Rpst.: Long sword ||     3

Table legend:
 A = Non-vault XP
 B = Vault XP
 C = Vault XP percentage of total XP
 D = Non-vault monster count
 E = Vault monster count
 F = Vault count percentage of total count
                 A         B        C        D         E       F
            +---------+---------+-------+---------+---------+-------
      Total |      24 |       0 |   0.0 |      12 |       0 |   0.0
            +---------+---------+-------+---------+---------+-------
        D:1 |      24 |       0 |   0.0 |      12 |       0 |   0.0
            +---------+---------+-------+---------+---------+-------
